NCAA
NEBRASKA CORNHUSKERS @ DUKE BLUE DEVILS
05/07/2024
 
TOP OF THE 1ST
Nebraska Cornhuskers batting - Pitching for Duke Blue Devils : RHP Theron Jackson
Pitching: RHP Theron Jackson
Batting: RHB Ralph Powell 0-0: Ball
1-0: Ball
2-0: Ball
3-0: Called Strike
3-1: Swinging Strike
3-2: Base on Balls
Batting: RHB Christian McCord 0-0: Ball
1-0: Ball
2-0: Foul Ball, location: 2F
2-1: Ball
3-1: Base on Balls
Ralph Powell to second
Batting: LHB Dennis Fontenot 0-0: Foul Ball, location: 2F
0-1: Ball
1-1: Swinging Strike
1-2: Strikes out swinging
Batting: LHB Gilberto Ramírez 0-0: Called Strike
0-1: Foul Ball, location: 2F
0-2: Fielders Choice at 2nd, 4-6 (Groundball, 4)
Ralph Powell to third
Batting: RHB Eugene Allen 0-0: Foul Ball, location: 2F
0-1: Ball
1-1: DOUBLE (Flyball, 7LD)
Ralph Powell scores
Gilberto Ramírez to third
Pinch Runner at 2nd Javier Martínez:
Batting: LHB Clifton Fairchild 0-0: Swinging Strike
0-1: SINGLE (Line Drive, 8LS)
Gilberto Ramírez scores
Javier Martínez to third
Batting: RHB Ron Garrett 0-0: Ball
1-0: Ball
2-0: Foul Ball, location: 2F
2-1: Ball
3-1: Base on Balls
Clifton Fairchild to second
Batting: LHB David Adams 0-0: Ball
1-0: Ball
2-0: Swinging Strike
2-1: Fly out, F9 (Line Drive, 9M)
Top of the 1st over - 2 run(s), 2 hit(s), 0 error(s), 3 left on base; Nebraska 2 - Duke 0
BOTTOM OF THE 1ST
Duke Blue Devils batting - Pitching for Nebraska Cornhuskers : RHP Steve Frederick
Pitching: RHP Steve Frederick
Now in LF: Javier Martínez
Batting: SHB Luis Zamora 0-0: Ball
1-0: SINGLE (Flyball, 7LM)
Batting: LHB Vicente Chávez 0-0: Ball
1-0: Ball
2-0: Called Strike
2-1: Ball
3-1: Called Strike
3-2: SINGLE (Groundball, 34D)
Luis Zamora to second
Luis Zamora to third
Batting: RHB Mike Ingram 0-0: 3-RUN HOME RUN (Flyball, 7D), Distance : 364 ft
Batting: LHB Will Hill 0-0: Ball
1-0: Foul Ball, location: 2F
1-1: Swinging Strike
1-2: Ball
2-2: Foul Ball, location: 2F
2-2: Foul Ball, location: 2F
2-2: Ball
3-2: Base on Balls
Batting: LHB Ramón Salazar 0-0: Ball
1-0: Fly out, F7 (Flyball, 7M)
Batting: RHB Matt Osborne 0-0: Fly out, F8 (Flyball, 8RM)
Batting: RHB Arturo Mesa 0-0: Foul Ball, location: 2F
0-1: Called Strike
0-2: Strikes out swinging
Bottom of the 1st over - 3 run(s), 3 hit(s), 0 error(s), 1 left on base; Nebraska 2 - Duke 3
TOP OF THE 2ND
Nebraska Cornhuskers batting - Pitching for Duke Blue Devils : RHP Theron Jackson
Batting: RHB Jesús Muńíz 0-0: Called Strike
0-1: Swinging Strike
0-2: Ball
1-2: Strikes out swinging
Batting: RHB Ralph Powell 0-0: Ball
1-0: Ball
2-0: Foul Ball, location: 2F
2-1: Foul Ball, location: 2F
2-2: Foul Ball, location: 2F
2-2: Ball
3-2: Ground out 4-3 (Groundball, 4)
Batting: RHB Christian McCord 0-0: Called Strike
0-1: Swinging Strike
0-2: Strikes out looking
Top of the 2nd over - 0 run(s), 0 hit(s), 0 error(s), 0 left on base; Nebraska 2 - Duke 3
BOTTOM OF THE 2ND
Duke Blue Devils batting - Pitching for Nebraska Cornhuskers : RHP Steve Frederick
Batting: SHB Randy Rodríguez 0-0: Ball
1-0: Ball
2-0: Called Strike
2-1: Foul Ball, location: 2F
2-2: Foul Ball, location: 2F
2-2: Foul Ball, location: 2F
2-2: Ball
3-2: Fly out, F8 (Flyball, 8RM)
Batting: RHB Jake Belcher 0-0: Called Strike
0-1: Fly out, F7 (Flyball, 78M)
Batting: SHB Luis Zamora 0-0: SOLO HOME RUN (Flyball, 9D), Distance : 353 ft
Batting: LHB Vicente Chávez 0-0: Called Strike
0-1: SINGLE (Line Drive, 7LS)
Batting: RHB Mike Ingram 0-0: Ball
1-0: Fly out, F8 (Flyball, 8RM)
Bottom of the 2nd over - 1 run(s), 2 hit(s), 0 error(s), 1 left on base; Nebraska 2 - Duke 4
TOP OF THE 3RD
Nebraska Cornhuskers batting - Pitching for Duke Blue Devils : RHP Theron Jackson
Batting: LHB Dennis Fontenot 0-0: Ball
1-0: Foul Ball, location: 2F
1-1: Fly out, F6 (Popup, 6MD)
Batting: LHB Gilberto Ramírez 0-0: SINGLE (Flyball, 89S)
Batting: LHB Javier Martínez 0-0: Foul Ball, location: 2F
0-1: Ball
1-1: Swinging Strike
1-2: Ball
2-2: Ball
3-2: Strikes out looking
Batting: LHB Clifton Fairchild 0-0: Ball
1-0: Ball
2-0: Foul Ball, location: 2F
2-1: Swinging Strike
2-2: Ground out 5-3 (Groundball, 5)
Top of the 3rd over - 0 run(s), 1 hit(s), 0 error(s), 1 left on base; Nebraska 2 - Duke 4
BOTTOM OF THE 3RD
Duke Blue Devils batting - Pitching for Nebraska Cornhuskers : RHP Steve Frederick
Batting: LHB Will Hill 0-0: Called Strike
0-1: Swinging Strike
0-2: Strikes out looking
Batting: LHB Ramón Salazar 0-0: Called Strike
0-1: Called Strike
0-2: Ball
1-2: Ball
2-2: Ball
3-2: Base on Balls
Batting: RHB Matt Osborne 0-0: Foul Ball, location: 2F
0-1: Fielders Choice at 2nd, 5-4 (Groundball, 56)
Batting: RHB Arturo Mesa 0-0: Ball
1-0: Ball
2-0: Fly out, F9 (Flyball, 89M)
Bottom of the 3rd over - 0 run(s), 0 hit(s), 0 error(s), 1 left on base; Nebraska 2 - Duke 4
TOP OF THE 4TH
Nebraska Cornhuskers batting - Pitching for Duke Blue Devils : RHP Theron Jackson
Batting: RHB Ron Garrett 0-0: Ball
1-0: Foul Ball, location: 2F
1-1: Foul Ball, location: 2F
1-2: Ground out 5-3 (Groundball, 5)
Batting: LHB David Adams 0-0: Swinging Strike
0-1: SOLO HOME RUN (Flyball, 89XD), Distance : 371 ft
Batting: RHB Jesús Muńíz 0-0: Swinging Strike
0-1: Ball
1-1: Called Strike
1-2: SINGLE (Line Drive, 78S)
Batting: RHB Ralph Powell 0-0: Ball
1-0: Foul Ball, location: 2F
1-1: Foul Ball, location: 2F
1-2: Ball
2-2: Foul Ball, location: 2F
2-2: Foul Ball, location: 2F
2-2: Foul Ball, location: 2F
2-2: Foul Ball, location: 2F
2-2: Foul Ball, location: 2F
2-2: Strikes out swinging
Pitching: RHP Mark Owens
Batting: RHB Christian McCord 0-0: Ball
1-0: Called Strike
1-1: Ball
2-1: Swinging Strike
2-2: Foul Ball, location: 2F
2-2: SINGLE (Groundball, 6MD) (infield hit)
Jesús Muńíz to second
Batting: LHB Dennis Fontenot 0-0: Ball
1-0: Ball
2-0: Called Strike
2-1: Called Strike
2-2: Strikes out looking
Top of the 4th over - 1 run(s), 3 hit(s), 0 error(s), 2 left on base; Nebraska 3 - Duke 4
BOTTOM OF THE 4TH
Duke Blue Devils batting - Pitching for Nebraska Cornhuskers : RHP Steve Frederick
Batting: SHB Randy Rodríguez 0-0: Called Strike
0-1: Swinging Strike
0-2: Ball
1-2: Foul Ball, location: 2F
1-2: SINGLE (Groundball, 3D)
Batting: RHB Jake Belcher 0-0: DOUBLE (Line Drive, 8LS)
Randy Rodríguez to third
Batting: SHB Luis Zamora 0-0: Ball
1-0: Foul Ball, location: 2F
1-1: Called Strike
1-2: Ball
2-2: Strikes out swinging
Batting: LHB Vicente Chávez 0-0: Ball
1-0: Ball
2-0: Called Strike
2-1: Swinging Strike
2-2: Foul Ball, location: 2F
2-2: Fly out, F9 (Flyball, 89S)
Batting: RHB Mike Ingram 0-0: Ball
1-0: Ball
2-0: Called Strike
2-1: Called Strike
2-2: Ground out 5-3 (Groundball, 5L)
Bottom of the 4th over - 0 run(s), 2 hit(s), 0 error(s), 2 left on base; Nebraska 3 - Duke 4
TOP OF THE 5TH
Nebraska Cornhuskers batting - Pitching for Duke Blue Devils : RHP Mark Owens
Batting: LHB Gilberto Ramírez 0-0: Foul Ball, location: 2F
0-1: Ball
1-1: Ball
2-1: Fly out, F5 (Popup, 5S)
Batting: LHB Javier Martínez 0-0: Hit by Pitch
Batting: LHB Clifton Fairchild 0-0: Ball
1-0: Ball
2-0: Ball
3-0: Base on Balls
Javier Martínez to second
Batting: RHB Ron Garrett 0-0: Foul Ball, location: 2F
0-1: Ball
Wild Pitch!
Javier Martínez to third
Clifton Fairchild to second
1-1: Ball
2-1: Ball
3-1: Base on Balls
Batting: LHB David Adams 0-0: Called Strike
0-1: Ball
1-1: Foul Ball, location: 2F
1-2: Ball
2-2: Foul Ball, location: 2F
2-2: Ball
3-2: Fly out, F6 (Popup, 78S)
Pitching: RHP Ramón Rodríguez
Batting: RHB Jesús Muńíz 0-0: Ball
1-0: Swinging Strike
1-1: Foul Ball, location: 2F
1-2: Strikes out swinging
Top of the 5th over - 0 run(s), 0 hit(s), 0 error(s), 3 left on base; Nebraska 3 - Duke 4
BOTTOM OF THE 5TH
Duke Blue Devils batting - Pitching for Nebraska Cornhuskers : RHP Steve Frederick
Batting: LHB Will Hill 0-0: Called Strike
0-1: SOLO HOME RUN (Flyball, 89XD), Distance : 367 ft
Batting: LHB Ramón Salazar 0-0: Ball
1-0: Ball
2-0: Ball
3-0: Swinging Strike
3-1: Called Strike
3-2: Strikes out swinging
Pitching: RHP Elvis McDonald
Batting: RHB Matt Osborne 0-0: Ball
1-0: Ball
2-0: Ball
3-0: Called Strike
3-1: Swinging Strike
3-2: Base on Balls
Batting: RHB Arturo Mesa 0-0: Ball
1-0: Ball
Matt Osborne is caught stealing 2nd base
2-0: Ball
3-0: Base on Balls
Batting: SHB Randy Rodríguez 0-0: Ball
1-0: Ball
2-0: Ball
3-0: Base on Balls
Arturo Mesa to second
Batting: RHB Jake Belcher 0-0: Foul Ball, location: 2F
0-1: Ball
1-1: Ball
2-1: DOUBLE (Flyball, 78M)
Arturo Mesa scores
Randy Rodríguez to third
Batting: SHB Luis Zamora 0-0: Foul Ball, location: 2F
0-1: Foul Ball, location: 2F
0-2: Foul Ball, location: 2F
0-2: Ground out 6-3 (Groundball, 6M)
Bottom of the 5th over - 2 run(s), 2 hit(s), 0 error(s), 2 left on base; Nebraska 3 - Duke 6
TOP OF THE 6TH
Nebraska Cornhuskers batting - Pitching for Duke Blue Devils : RHP Ramón Rodríguez
Batting: RHB Ralph Powell 0-0: Swinging Strike
0-1: Swinging Strike
0-2: Ball
1-2: Foul Ball, location: 2F
1-2: Strikes out swinging
Batting: RHB Christian McCord 0-0: Called Strike
0-1: Foul Ball, location: 2F
0-2: Foul Ball, location: 2F
0-2: Ball
1-2: Strikes out swinging
Batting: LHB Dennis Fontenot 0-0: Called Strike
0-1: Called Strike
0-2: Ball
1-2: Strikes out swinging
Top of the 6th over - 0 run(s), 0 hit(s), 0 error(s), 0 left on base; Nebraska 3 - Duke 6
BOTTOM OF THE 6TH
Duke Blue Devils batting - Pitching for Nebraska Cornhuskers : RHP Elvis McDonald
Batting: LHB Vicente Chávez 0-0: Ball
1-0: Ground out 1-3 (Groundball, 13)
Batting: RHB Mike Ingram 0-0: Swinging Strike
0-1: Ball
1-1: Foul Ball, location: 2F
1-2: Ball
2-2: SOLO HOME RUN (Line Drive, 78XD), Distance : 370 ft
Batting: LHB Will Hill 0-0: Ball
1-0: Swinging Strike
1-1: Fly out, F7 (Flyball, 7M)
Batting: LHB Ramón Salazar 0-0: Called Strike
0-1: Ball
1-1: Ball
2-1: Swinging Strike
2-2: Fly out, F7 (Flyball, 7M)
Bottom of the 6th over - 1 run(s), 1 hit(s), 0 error(s), 0 left on base; Nebraska 3 - Duke 7
TOP OF THE 7TH
Nebraska Cornhuskers batting - Pitching for Duke Blue Devils : RHP Ramón Rodríguez
Batting: LHB Gilberto Ramírez 0-0: Ball
1-0: Fly out, F9 (Line Drive, 9M)
Batting: LHB Javier Martínez 0-0: Hit by Pitch
Batting: LHB Clifton Fairchild 0-0: Swinging Strike
0-1: Ball
1-1: Swinging Strike
1-2: Strikes out swinging
Batting: RHB Ron Garrett 0-0: Called Strike
0-1: Swinging Strike
0-2: Ball
Wild Pitch!
Javier Martínez to second
1-2: Strikes out swinging
Top of the 7th over - 0 run(s), 0 hit(s), 0 error(s), 1 left on base; Nebraska 3 - Duke 7
BOTTOM OF THE 7TH
Duke Blue Devils batting - Pitching for Nebraska Cornhuskers : RHP Elvis McDonald
Pitching: RHP Neil Browning
Batting: RHB Matt Osborne 0-0: Ball
1-0: Ball
2-0: Fly out, F5 (Line Drive, 56)
Batting: RHB Arturo Mesa 0-0: Ball
1-0: Ball
2-0: Ball
3-0: Called Strike
3-1: Foul Ball, location: 2F
3-2: Foul Ball, location: 2F
3-2: Foul Ball, location: 2F
3-2: Foul Ball, location: 2F
3-2: Foul Ball, location: 2F
3-2: DOUBLE (Line Drive, 56D)
Batting: SHB Randy Rodríguez 0-0: Swinging Strike
0-1: Foul Ball, location: 2F
0-2: Foul Ball, location: 2F
0-2: Foul Ball, location: 2F
0-2: Ball
1-2: Ground out 6-3 (Groundball, 6)
Batting: RHB Jake Belcher 0-0: Swinging Strike
0-1: Foul Ball, location: 2F
0-2: Ball
1-2: Ball
2-2: Ball
3-2: Fly out, F6 (Popup, 5L)
Bottom of the 7th over - 0 run(s), 1 hit(s), 0 error(s), 1 left on base; Nebraska 3 - Duke 7
TOP OF THE 8TH
Nebraska Cornhuskers batting - Pitching for Duke Blue Devils : RHP Ramón Rodríguez
Pitching: RHP Tim Horton
Batting: LHB David Adams 0-0: Swinging Strike
0-1: Foul Ball, location: 2F
0-2: Ball
1-2: Strikes out looking
Batting: RHB Jesús Muńíz 0-0: Called Strike
0-1: Foul Ball, location: 2F
0-2: Ball
1-2: Foul Ball, location: 2F
1-2: Ball
2-2: Strikes out swinging
Batting: RHB Ralph Powell 0-0: Called Strike
0-1: Ball
1-1: Foul Ball, location: 2F
1-2: Ball
2-2: Ball
3-2: Strikes out looking
Top of the 8th over - 0 run(s), 0 hit(s), 0 error(s), 0 left on base; Nebraska 3 - Duke 7
BOTTOM OF THE 8TH
Duke Blue Devils batting - Pitching for Nebraska Cornhuskers : RHP Neil Browning
Batting: SHB Luis Zamora 0-0: Swinging Strike
0-1: Fly out, F9 (Flyball, 89M)
Batting: LHB Vicente Chávez 0-0: Ball
1-0: SINGLE (Line Drive, 9S)
Batting: RHB Mike Ingram 0-0: Foul Ball, location: 2F
0-1: Ball
1-1: Called Strike
1-2: Ball
2-2: Ball
3-2: Foul Ball, location: 2F
3-2: Foul Ball, location: 2F
3-2: Foul Ball, location: 2F
3-2: Foul Ball, location: 2F
3-2: Base on Balls
Vicente Chávez to second
Batting: LHB Will Hill 0-0: Called Strike
0-1: Called Strike
0-2: Ball
1-2: Ball
2-2: Grounds into double play, 4-6-3 (Groundball, 4)
Bottom of the 8th over - 0 run(s), 1 hit(s), 0 error(s), 1 left on base; Nebraska 3 - Duke 7
TOP OF THE 9TH
Nebraska Cornhuskers batting - Pitching for Duke Blue Devils : RHP Tim Horton
Batting: RHB Christian McCord 0-0: Ball
1-0: Foul Ball, location: 2F
1-1: Swinging Strike
1-2: Ball
2-2: Foul Ball, location: 2F
2-2: Strikes out swinging
Batting: LHB Dennis Fontenot 0-0: Foul Ball, location: 2F
0-1: Ground out 4-3 (Groundball, 4M)
Batting: LHB Gilberto Ramírez 0-0: Called Strike
0-1: Foul Ball, location: 2F
0-2: SINGLE (Groundball, 4MD)
Pitching: RHP Matt Phillips
Batting: LHB Javier Martínez 0-0: Called Strike
0-1: Foul Ball, location: 2F
0-2: SINGLE (Groundball, 3S)
Gilberto Ramírez to second
Runner from 2nd tries for 3rd, SAFE, throw made to third
Batting: LHB Clifton Fairchild 0-0: Ground out 5-3 (Groundball, 56)
Top of the 9th over - 0 run(s), 2 hit(s), 0 error(s), 2 left on base; Nebraska 3 - Duke 7
This league is powered by Out of the Park Baseball, the baseball management simulation game for PC, Mac and Linux
Saturday, April 9th, 2016 - OOTP Baseball 16.8 Build 38